 Dungeon Crawl Stone Soup version 0.25-a0-44-g29a1220a87 (webtiles) character file.

Game seed: 4220852532506652778, levelgen mode: deterministic

71 Alarkh the Slasher (level 4, 35/35 HPs)
             Began as a Demonspawn Fighter on Oct 24, 2019.
             Got out of the dungeon alive.
             The game lasted 00:01:47 (1954 turns).

Alarkh the Slasher (Demonspawn Fighter)             Turns: 1954, Time: 00:01:47

Health: 35/35      AC:  8    Str: 16    XL:     4   Next: 5%
Magic:  4/4        EV:  6    Int: 11    God:
Gold:   87         SH:  8    Dex: 12    Spells: 3/3 levels left

rFire    . . .     SeeInvis .   a - +0 long sword
rCold    . . .     Gourm    .   c - +0 shield
rNeg     . . .     Faith    .   b - +0 scale mail
rPois    .         Spirit   .   (helmet restricted)
rElec    .         Reflect  .   (no cloak)
rCorr    +         Harm     .   (no gloves)
MR       .....                  (no boots)
Stlth    ..........             (no amulet)
HPRegen  0.11/turn              k - +2 ring of protection
MPRegen  0.09/turn              p - ring of resist corrosion

@: no status effects
A: antennae 1, powered by death 2
a: no special abilities


You escaped.
You were not hungry.

You visited 1 branch of the dungeon, and saw 3 of its levels.

You collected 87 gold pieces.

Inventory:

Hand Weapons
 a - a +0 long sword (weapon)
Armour
 b - a +0 scale mail (worn)
 c - a +0 shield (worn)
Jewellery
 k - a +2 ring of protection (left hand)
 p - a ring of resist corrosion (right hand)
Scrolls
 g - 2 scrolls of magic mapping {unknown}
 j - 2 scrolls of remove curse {unknown}
 m - a scroll of enchant weapon {unknown}
 o - a scroll of amnesia {unknown}
 r - a scroll of noise {unknown}
Potions
 d - 2 potions of might
 e - a potion of haste {unknown}
 h - 2 potions of mutation {unknown}
 i - a potion of experience {unknown}
 n - 2 potions of cancellation {unknown}
 q - 2 potions of curing {unknown}
Comestibles
 f - 2 rations
 l - 2 chunks of flesh


   Skills:
 - Level 3.0 Fighting
 + Level 4.0 Long Blades
 - Level 2.6 Armour
 - Level 2.6 Shields


You had 3 spell levels left.
You didn't know any spells.
Your spell library was empty.

Dungeon Overview and Level Annotations

Branches:
Dungeon (3/15)

Altars:


Innate Abilities, Weirdness & Mutations

You have a pair of small antennae on your head.
You regenerate health from kills.


Message History

You barely miss the kobold. The kobold hits you but does no damage.
You slash the kobold!
You kill the kobold!
No target in view!
You see here 4 stones.
You see here a stone.
Found a stone staircase leading down.
There is a stone staircase leading up here.
You climb upwards.
There is a stone staircase leading down here.
There is a stone staircase leading up here.
You see here a stone.
You climb upwards.
There is a stone staircase leading down here.
Unknown command.
You can't go up here!
You see here 13 stones.
There is a staircase leading out of the dungeon here.
Are you sure you want to leave the Dungeon?
This will make you lose the game!
You have escaped!

.# ##.......#########.......###.#
.###.....####.......####.....##..
###....###.............###....##.
......##.....#######.....##....#.
.....##....###...#.###....##...##
.....#....##.....#...##....#....#
######...##...##.##...##...##...#
#........#...##...##...#....#...#
#...######...#..@......#....#...#
#...#....#...##...######....#...#
#...##...##...#####........##(..#
#....#....##.........#######....#
##...##....###.....###.........##
.#....##.....#######.....##....#
.##....###.............###....##
.###.....####.......####.....##
.# ##.......#########.......##


There were no monsters in sight!

Vanquished Creatures
  2 adders (D:2)
  An ooze (D:2)
  4 worms
  2 dart slugs (D:1)
  A leopard gecko (D:3)
  3 giant cockroaches
  2 goblins (D:1)
  6 hobgoblins
  2 bats (D:2)
  2 frilled lizards (D:2)
  6 kobolds
  4 rats
35 creatures vanquished.

Notes
Turn   | Place    | Note
-------+----------+-------------------------------------------
     0 | D:1      | Alarkh the Demonspawn Fighter began the quest for the Orb.
     0 | D:1      | Reached XP level 1. HP: 18/18 MP: 1/1
   156 | D:1      | Reached skill level 2 in Long Blades
   498 | D:1      | Gained mutation: You regenerate a little health from kills.
                  | [demonic ancestry]
   498 | D:1      | Reached XP level 2. HP: 15/24 MP: 2/2
  1073 | D:2      | Reached skill level 3 in Long Blades
  1084 | D:2      | Gained mutation: You regenerate health from kills. [demonic
                  | ancestry]
  1084 | D:2      | Reached XP level 3. HP: 22/29 MP: 3/3
  1781 | D:3      | Reached skill level 4 in Long Blades
  1781 | D:3      | Gained mutation: You have a pair of small antennae on your
                  | head. [demonic ancestry]
  1781 | D:3      | Reached XP level 4. HP: 35/35 MP: 4/4
  1954 | D:$      | Got out of the dungeon alive.

Levels and vault maps discovered:
D:1:      dpeg_arrival_circle_labyrinth_c, layout_basic
D:2:      layout_loops_cross
D:3:      layout_basic, first_ration, uniq_terence, uniq_robin

Skill      XL: |  1  2  3 |
---------------+----------+-----
Long Blades    | 2 3 4 |  4.0
Fighting       | |  3.0
Armour         | |  2.6
Shields        | |  2.6

Action                   |  1- 3 |  4- 6 || total
-------------------------+-------+-------++-------
Melee: Long sword        |    98 |     5 ||   103
  Eat: Chunk             |     3 |       ||     3
Armor: Scale mail        |    32 |     1 ||    33
Dodge: Dodged            |    19 |     3 ||    22
Block: Shield            |    55 |     2 ||    57
       Rpst.: Long sword |     8 |     2 ||    10

Table legend:
 A = Non-vault XP
 B = Vault XP
 C = Vault XP percentage of total XP
 D = Non-vault monster count
 E = Vault monster count
 F = Vault count percentage of total count
                 A         B        C        D         E       F
            +---------+---------+-------+---------+---------+-------
      Total |     102 |       0 |   0.0 |      35 |       0 |   0.0
            +---------+---------+-------+---------+---------+-------
        D:1 |      24 |       0 |   0.0 |      11 |       0 |   0.0
        D:2 |      61 |       0 |   0.0 |      18 |       0 |   0.0
        D:3 |      17 |       0 |   0.0 |       6 |       0 |   0.0
            +---------+---------+-------+---------+---------+-------
